cohdb
Replays
Latest Replays
All Replays
Popular Replays
Top Player Replays
Match Explorer
How It Works
Community
CoH3 Stats
Reddit
Sign in to upload your games and track your stats! →
Sign in with Steam
Match 47269642
Unlisted
Match 47269642
Overview
Messages
Build Orders
End
Kradschützen Motorcycle Team
Panzergrenadier Squad
Selects Battlefield Espionage Battlegroup
250 Light Carrier
Construct Light Support Kompanie
MG34 Team
Fire Support Elements
Assault Grenadier Squad
Flakvierling Half-track
Selects Intel Disruption Beacon
2.5-tonne Medical Truck
Panzerjäger Mechanized Group
Panzergrenadier Squad
Veteran Squad Leaders
Construct Panzerarmee Kommand
AI Takeover
~TAB~ THUND3RCHUNKY
ErikaWani
JuanPi_Art
ElShileno123
0
0
Comments
sign in to comment!
No comments posted yet!